 Dungeon Crawl Stone Soup version 0.26.0-10-g1f06aea511 (webtiles) character file.

Game seed: 16963376254938923359

117996 Dirian the Fencer (level 16, -4/146 HPs)
             Began as a Minotaur Fighter on Jan 22, 2021.
             Was the Champion of Dithmenos.
             Slain by a spark wasp (14 damage)
             ... on level 2 of the Spider Nest.
             The game lasted 00:56:52 (28273 turns).

Dirian the Fencer (Minotaur Fighter)               Turns: 28273, Time: 00:56:53

Health: -4/146     AC: 24    Str: 25    XL:     16   Next: 24%
Magic:  23/23      EV:  9    Int: 12    God:    Dithmenos [******]
Gold:   1009       SH: 20    Dex: 10    Spells: 15/15 levels left

rFire    + + .     SeeInvis +   b - +2 scimitar (vamp)
rCold    + . .     Faith    .   c - +1 kite shield
rNeg     . . .     Spirit   .   s - +4 plate armour
rPois    +         Reflect  +   H - +2 hat {SInv}
rElec    .         Harm     .   A - scarf {rC+ rF+}
rCorr    +         Rampage  .   K - +0 pair of gloves
Will     +....                  (no boots)
Stlth    ..........             i - amulet of reflection
HPRegen  0.34/turn              U - ring "Sikh" {rCorr Int+3 SInv Stlth+}
MPRegen  0.18/turn              T - ring of Ilafutzu {rPois rF+ Int+4 Dex-3}

@: wreathed by umbra
A: retaliatory headbutt, horns 2
a: Renounce Religion, Shadow Step, Shadow Form


You were on level 2 of the Spider Nest.
You worshipped Dithmenos.
Dithmenos was exalted by your worship.
You visited 4 branches of the dungeon, and saw 22 of its levels.
You also visited: Ice Cave.

You collected 3836 gold pieces.
You spent 2827 gold pieces at shops.

Inventory:

Hand Weapons
 a - a +3 demon blade of flaming
 b - a +2 vampiric scimitar (weapon)
Armour
 c - a +1 kite shield (worn)
 s - a +4 plate armour (worn)
 A - a scarf of resistance (worn)
 H - a +2 hat of see invisible (worn)
 K - a +0 pair of gloves (worn)
 P - a +0 cloak of cold resistance
Jewellery
 i - an amulet of reflection (around neck)
 j - a cursed -4 ring of dexterity {unknown}
 J - an uncursed ring of ice {unknown}
 T - the ring of Ilafutzu (right hand) {rPois rF+ Int+4 Dex-3}
   (You bought it in a shop on level 6 of the Dungeon)

   [ring of protection from fire]

   It affects your intelligence (+4).
   It affects your dexterity (-3).
   It protects you from fire.
   It protects you from poison.
 U - the ring "Sikh" (left hand) {rCorr Int+3 SInv Stlth+}
   (You bought it in a shop on level 6 of the Dungeon)

   [ring of resist corrosion]

   It affects your intelligence (+3).
   It lets you see invisible.
   It provides partial protection from all sources of acid and corrosion.
   It makes you more stealthy.
 V - the ring of the Jester {rElec rN+ Will++ EV+4 Str-4}
   (You bought it in a shop on level 6 of the Dungeon)

   [ring of evasion]

   It affects your evasion (+4).
   It affects your strength (-4).
   It insulates you from electricity.
   It protects you from negative energy.
   It affects your willpower, your defense against some magical effects.
 W - the ring "Wysu" {rC+ rN+ Int+4 Dex+5}
   (You bought it in a shop on level 7 of the Dungeon)

   [ring of protection from cold]

   It affects your intelligence (+4).
   It affects your dexterity (+5).
   It protects you from cold.
   It protects you from negative energy.
Wands
 e - a wand of disintegration (6)
 o - a wand of flame (28)
 v - a wand of digging (3)
 F - a wand of acid (11)
 O - a wand of iceblast (4)
 Q - a wand of paralysis (13)
Scrolls
 k - 2 scrolls of immolation
 r - 3 scrolls of identify
 t - 2 scrolls of teleportation
 u - 3 scrolls of magic mapping
 x - 3 scrolls of remove curse
 y - 6 scrolls of enchant armour
 z - a scroll of blinking
 D - 4 scrolls of fog
 E - 2 scrolls of silence
 M - a scroll of holy word
Potions
 d - a potion of might
 f - 2 potions of cancellation
 g - 2 potions of mutation
 h - 4 potions of haste
 l - 4 potions of lignification
 n - 2 potions of resistance
 p - 3 potions of flight
 q - 2 potions of curing
 w - 2 potions of heal wounds
 C - 2 potions of attraction
 G - a potion of magic
 L - a potion of berserk rage
 S - a potion of invisibility
Miscellaneous
 m - a condenser vane (inert)
 B - a lightning rod (inert)
 N - a tin of tremorstones (inert)


   Skills:
 + Level 14.2 Fighting
 + Level 16.4 Long Blades
 + Level 14.3 Armour
 + Level 4.6 Dodging
 - Level 0.5 Stealth
 + Level 14.5 Shields
 * Level 11.1 Invocations
 - Level 10.0 Evocations


You had 15 spell levels left.
You didn't know any spells.
Your spell library contained the following spells:

 Spells                   Type           Power        Failure   Level
 Magic Dart               Conj           0%           95%         1
 Shock                    Conj/Air       0%           95%         1
 Searing Ray              Conj           0%           99%         2
 Swiftness                Air            0%           99%         2
 Confusing Touch          Hex            0%           100%        3
 Dazzling Flash           Conj/Hex       0%           100%        3
 Gell's Gravitas          Tloc           0%           100%        3
 Static Discharge         Conj/Air       0%           100%        3
 Airstrike                Air            0%           100%        4
 Fulminant Prism          Conj/Hex       0%           100%        4
 Ice Form                 Ice/Tmut       0%           100%        4
 Iskenderun's Mystic Bla  Conj/Tloc      0%           100%        4
 Petrify                  Tmut/Erth      0%           100%        4
 Bolt of Magma            Conj/Fire/Erth 0%           100%        5
 Iskenderun's Battlesphe  Conj           0%           100%        5
 Lightning Bolt           Conj/Air       0%           100%        5
 Metabolic Englaciation   Hex/Ice        0%           100%        5
 Yara's Violent Unravell  Hex/Tmut       0%           100%        5
 Freezing Cloud           Conj/Ice/Air   0%           100%        6
 Ozocubu's Refrigeration  Ice            0%           100%        6
 Simulacrum               Ice/Necr       0%           100%        6


Dungeon Overview and Level Annotations

Branches:
Dungeon (12/15)            Temple (0/1) D:4            Lair (6/6) D:9
 Shoals (0/4) Lair:4       Spider (2/4) Lair:4        Slime (0/5) Lair:6
    Orc (2/2) D:10            Elf (0/3) Orc:2         IceCv (visited)

Altars:
Ashenzari
Dithmenos
Elyvilon
Zin
Beogh
Jiyva

Shops:
D:5 :??[(   D:6 *=   D:7 =*(::   Orc:1 (   Orc:2 ([}?!

Portals:
Pandemonium: Orc:2

Annotations:
Spider:2 Arachne


Innate Abilities, Weirdness & Mutations

You reflexively headbutt those who attack you in melee.
You have a pair of horns on your head.


Message History

You slash the spark wasp!
You feel better.
The spark wasp is moderately wounded.
Your shadow hits the spark wasp but does no damage.
You block the redback's attack. The spark wasp stings you.
* * * LOW HITPOINT WARNING * * *
The spark wasp shocks you!
* * * LOW HITPOINT WARNING * * *
The jumping spider pounces on you but does no damage.
The jumping spider bites you but does no damage.
A tarantella comes into view.
The redback bites you.
* * * LOW HITPOINT WARNING * * *
You feel better. You block the spark wasp's attack.
You block the jumping spider's attack. x2
A redback comes into view.
The redback bites you but does no damage.
The spark wasp stings you.
* * * LOW HITPOINT WARNING * * *
The spark wasp shocks you!
You die...

#. .##.
#...# #.s.
###)#§
##....s##
#.....#s#
##...§§#@#
#.....ssy#
#......§##
#....?.§.#
.####...!#
##....
##(...
#.....
#.###..


You could see a spark wasp, a jumping spider, a tarantella and 2 redbacks.

Vanquished Creatures
  An Ice Fiend (IceCv)
  Rupert (Orc:2)
  Roxanne (Spider:1)
  Donald (Orc:1)
  2 emperor scorpions
  A very ugly thing (D:10)
  A stone giant (Orc:1)
  Nessos (Orc:2)
  3 entropy weavers
  Snorg (Lair:4)
  Erolcha (Orc:2)
  Josephine (Lair:4)
  5 hydras
  Harold (D:9)
  4 catoblepae
  Erica (D:9)
  11 death yaks
  3 two-headed ogres
  A queen ant (Spider:1)
  6 orc high priests (Orc:2)
  A torturous demonspawn (Orc:2)
  An unseen horror (D:10)
  An infernal demonspawn (Orc:2)
  2 wizards (D:10)
  An obsidian statue (D:10)
  5 orc knights (Orc:2)
  4 lindwurms (D:9)
  Pikel (D:6)
  7 ugly things
  6 orc sorcerers (Orc:2)
  12 wolf spiders
  2 orb spiders (Spider:1)
  3 cyclopes
  2 merfolk sirens (Lair:4)
  A centaur zombie (D:11)
  2 black mambas
  10 elephants
  Psyche (D:9)
  An ice statue (IceCv)
  A moth of wrath (Spider:1)
  A torpor snail (Lair:4)
  22 cane toads
  Maggie (D:9)
  2 rime drakes
  3 demonic crawlers (Spider:1)
  An anaconda simulacrum (IceCv)
  7 komodo dragons
  5 freezing wraiths
  7 ice devils
  3 golden dragon simulacra (IceCv)
  2 merfolk (Lair:4)
  5 trolls
  A polar bear (Lair:1)
  3 red devils (Orc:2)
  15 jumping spiders
  Prince Ribbit (D:6)
  2 hornets (Spider:1)
  3 dream sheep (Lair:4)
  A wolf spider simulacrum (IceCv)
  19 blink frogs
  3 tyrant leeches (Lair:6)
  Sigmund (D:6)
  33 redbacks
  A vampire (D:11)
  3 dire elephant simulacra (IceCv)
  A wyvern (D:10)
  12 tarantellas
  4 wraiths (Lair:4)
  23 yaks
  11 basilisks
  2 death yak simulacra (IceCv)
  A chaos spawn (Orc:2)
  6 vampire mosquitoes (Lair:6)
  Menkaure (D:7)
  6 wargs
  An iron troll simulacrum (IceCv)
  4 harpy simulacra (IceCv)
  26 soldier ants
  15 water moccasins
  An acid dragon (D:11)
  The ghost of Raspi the Poker, an amateur TeNe (D:3)
  3 hydra simulacra (IceCv)
  Duvessa (D:6)
  2 sky beasts
  A black bear (D:10)
  27 orc warriors
  A phantom (D:9)
  2 ice beasts (D:7)
  An alligator simulacrum (IceCv)
  2 necrophages
  10 ogres
  17 wolves
  3 centaurs
  A big kobold (D:8)
  A lemure (D:6)
  32 bullfrogs
  A gnoll sergeant (Orc:2)
  7 earth elementals (D:12)
  Dowan (D:6)
  4 scorpions
  An elephant simulacrum (IceCv)
  12 wights
  6 killer bees
  4 electric eels
  4 howler monkeys
  3 draconian simulacra (IceCv)
  5 jellies
  A bullfrog zombie (D:8)
  3 quasits
  6 hounds
  A centaur skeleton (D:7)
  A gnoll shaman (D:4)
  19 orc priests
  11 orc wizards
  2 bullfrog skeletons
  3 iguanas
  4 hell rats (Lair:4)
  Natasha (thrice) (D:4)
  24 worker ants
  A spriggan simulacrum (IceCv)
  2 troll simulacra (IceCv)
  A human simulacrum (D:11)
  2 hound zombies
  A hound skeleton (D:7)
  A worker ant zombie (D:5)
  13 gnolls
  3 naga simulacra (IceCv)
  18 adders
  3 ogre simulacra (IceCv)
  2 shadow imps
  7 white imps
  A worker ant simulacrum (D:3)
  9 ufetubi
  An ooze (D:3)
  An adder zombie (D:6)
  2 adder skeletons
  7 worms
  2 dart slugs (D:2)
  4 leopard geckos
  66 orcs
  2 ball pythons
  7 bats
  5 giant cockroaches
  3 goblins
  9 hobgoblins
  11 jackals
  12 kobolds
  7 quokkas
  2 ball python simulacra (D:3)
  3 frilled lizards
  A giant cockroach simulacrum (D:3)
  A jackal zombie (D:6)
  2 leopard gecko simulacra (D:3)
  2 leopard gecko skeletons
  2 quokka skeletons
  4 rats
821 creatures vanquished.

Vanquished Creatures (others)
  Sonja (D:11)
  A cane toad (Lair:6)
  A human simulacrum (D:11)
  23 fungi
  85 plants
  2 withered plants (D:10)
113 creatures vanquished.

Grand Total: 934 creatures vanquished

Notes
Turn   | Place    | Note
-------+----------+-------------------------------------------
     0 | D:1      | Dirian the Minotaur Fighter began the quest for the Orb.
     0 | D:1      | Reached XP level 1. HP: 19/19 MP: 0/0
   616 | D:2      | Reached XP level 2. HP: 26/27 MP: 1/1
   772 | D:2      | Found a faded altar of an unknown god.
   877 | D:2      | Reached XP level 3. HP: 33/33 MP: 2/2
  1060 | D:2      | Reached skill level 1 in Evocations
  1171 | D:2      | Reached XP level 4. HP: 17/40 MP: 3/3
  1613 | D:2      | Reached skill level 3 in Long Blades
  1758 | D:2      | Became a worshipper of Dithmenos the Shadowed
  1758 | D:2      | Reached * piety under Dithmenos
  1813 | D:3      | Reached skill level 5 in Armour
  1813 | D:3      | Reached XP level 5. HP: 16/46 MP: 4/4
  2093 | D:3      | Found a runed translucent gate.
  2093 | D:3      | Found a runed translucent gate.
  2093 | D:3      | Found a runed translucent gate.
  2676 | D:3      | Reached skill level 4 in Long Blades
  2676 | D:3      | Reached skill level 1 in Dodging
  2691 | D:3      | Reached XP level 6. HP: 26/53 MP: 5/5
  2906 | D:3      | Noticed Raspi's ghost (amateur TeNe)
  2931 | D:3      | Reached ** piety under Dithmenos
  3361 | D:4      | Noticed Natasha
  3388 | D:4      | Killed Natasha
  3390 | D:4      | Noticed Natasha
  3610 | D:4      | Killed Natasha
  3859 | D:4      | Found a broken altar of Ashenzari.
  3883 | D:4      | Reached skill level 5 in Shields
  3951 | D:4      | Reached skill level 5 in Long Blades
  3952 | D:4      | Reached XP level 7. HP: 46/60 MP: 6/6
  4097 | D:4      | Found a staircase to the Ecumenical Temple.
  4138 | D:4      | Noticed Natasha
  4144 | D:4      | Killed Natasha
  4366 | D:5      | Entered Level 5 of the Dungeon
  4372 | D:5      | Found Nimpowou's Magic Scroll Shoppe.
  4375 | D:5      | Bought a scroll of magic mapping for 49 gold pieces
  4430 | D:5      | Found Jucoc's Antique Armour Shop.
  4513 | D:5      | Found Saoch's Magic Scroll Emporium.
  4513 | D:5      | Found a white marble altar of Elyvilon.
  4746 | D:5      | Found Nuesh's Book Shop.
  4753 | D:5      | Reached *** piety under Dithmenos
  5053 | D:5      | Reached skill level 6 in Long Blades
  5120 | D:5      | Reached XP level 8. HP: 52/67 MP: 7/7
  5286 | D:5      | Found Ottaqi's Antique Weapon Shop.
  5294 | D:5      | Bought a glowing scimitar for 168 gold pieces
  5392 | D:5      | Reached skill level 5 in Fighting
  5545 | D:6      | Noticed Duvessa
  5545 | D:6      | Noticed Dowan
  5554 | D:6      | Killed Duvessa
  5555 | D:6      | Reached skill level 7 in Long Blades
  5561 | D:6      | Killed Dowan
  5638 | D:6      | Noticed Pikel
  5659 | D:6      | Killed Pikel
  5660 | D:6      | Reached skill level 8 in Long Blades
  5857 | D:6      | Reached XP level 9. HP: 75/75 MP: 8/8
  5934 | D:6      | Found Voahep's Jewellery Boutique.
  6083 | D:6      | Noticed Prince Ribbit
  6092 | D:6      | Killed Prince Ribbit
  6210 | D:6      | Found Yfavax's General Store.
  6213 | D:6      | Bought a potion of curing for 42 gold pieces
  6466 | D:3      | Killed Raspi's ghost
  6467 | D:3      | Reached skill level 9 in Long Blades
  6656 | D:7      | Reached skill level 5 in Evocations
  6723 | D:7      | Found a glowing silver altar of Zin.
  6724 | D:7      | Reached **** piety under Dithmenos
  6742 | D:7      | Found Jona's Antique Weapon Shoppe.
  6753 | D:7      | Found Astra's Assorted Antiques.
  6755 | D:7      | Found Ununwa's Book Emporium.
  6758 | D:7      | Found Xaloarel's Book Boutique.
  6929 | D:7      | Reached skill level 10 in Long Blades
  7042 | D:7      | Noticed Menkaure
  7045 | D:7      | Killed Menkaure
  7352 | D:7      | Found Suynteok's Jewellery Shop.
  7716 | D:8      | Noticed a two-headed ogre
  7727 | D:8      | Killed a two-headed ogre
  7728 | D:8      | Reached skill level 11 in Long Blades
  7728 | D:8      | Reached skill level 1 in Invocations
  7728 | D:8      | Reached XP level 10. HP: 71/86 MP: 8/10
  8312 | D:9      | Noticed Erica
  8319 | D:9      | Killed Erica
  8320 | D:9      | Noticed a lindwurm
  8338 | D:9      | Noticed a lindwurm
  8340 | D:9      | Noticed a lindwurm
  8400 | D:9      | Noticed a lindwurm
  8468 | D:9      | Noticed a death yak
  8468 | D:9      | Noticed Maggie
  8468 | D:9      | Noticed a death yak
  8472 | D:9      | Noticed a death yak
  8472 | D:9      | Noticed a death yak
  8472 | D:9      | Noticed a death yak
  8473 | D:9      | Found a staircase to the Lair.
  8507 | D:9      | Killed a death yak
  8549 | D:9      | Killed a death yak
  8550 | D:9      | Reached skill level 12 in Long Blades
  8559 | D:9      | Killed a death yak
  8570 | D:9      | Killed a death yak
  8580 | D:9      | Killed a death yak
  8581 | D:9      | Reached skill level 10 in Armour
  8581 | D:9      | Reached XP level 11. HP: 66/94 MP: 13/13
  8600 | D:9      | Reached ***** piety under Dithmenos
  8648 | D:9      | Killed Maggie
  8649 | D:9      | Reached skill level 13 in Long Blades
  8692 | D:9      | Noticed Psyche
  8697 | D:9      | Killed Psyche
  8794 | D:9      | Noticed Harold
  8799 | D:9      | Killed Harold
  9323 | D:10     | Entered Level 10 of the Dungeon
  9336 | D:10     | Noticed an obsidian statue
  9462 | D:10     | Killed an unseen horror
  9463 | D:10     | Reached skill level 5 in Invocations
  9650 | D:10     | Found a staircase to the Orcish Mines.
  9723 | D:10     | Noticed a cyan ugly thing
  9723 | D:10     | Noticed a brown ugly thing
  9723 | D:10     | Noticed a brown ugly thing
  9724 | D:10     | Noticed a white ugly thing
  9725 | D:10     | Noticed a red ugly thing
  9776 | D:9      | Killed a brown ugly thing
  9790 | D:9      | Killed a cyan ugly thing
 10113 | D:9      | Killed a brown ugly thing
 10182 | D:9      | Killed a purple ugly thing
 10191 | D:10     | Killed a purple ugly thing
 10300 | D:10     | Reached skill level 14 in Long Blades
 10398 | D:10     | Noticed a wizard
 10406 | D:10     | Killed a wizard
 10475 | D:10     | Noticed a red ugly thing
 10489 | D:10     | Killed a red ugly thing
 10524 | D:10     | Noticed a wizard
 10524 | D:10     | Noticed a purple very ugly thing
 10529 | D:10     | Killed a wizard
 10530 | D:10     | Reached XP level 12. HP: 106/106 MP: 15/15
 10537 | D:10     | Killed a purple very ugly thing
 10917 | D:10     | Identified 2 scrolls of acquirement
 10918 | D:10     | Acquired a +1 demon blade of pain
 10920 | D:10     | Acquired 1305 gold pieces
 11199 | D:11     | Noticed Sonja
 11219 | D:11     | Killed Sonja
 11380 | D:11     | Reached skill level 10 in Fighting
 11554 | D:11     | Noticed a two-headed ogre
 11559 | D:11     | Killed a two-headed ogre
 11961 | D:12     | Noticed a two-headed ogre
 11969 | D:12     | Killed a two-headed ogre
 12077 | D:12     | Noticed a five-headed hydra
 12085 | D:12     | Killed a three-headed hydra
 12491 | D:12     | Noticed a catoblepas
 12513 | D:12     | Killed a catoblepas
 13163 | D:9      | Got a heavily runed bronze amulet
 13197 | D:10     | Identified the amulet "Jeolof" {Faith rN+ Str-4 Int+7} (You
                  | found it on level 9 of the Dungeon)
 13246 | Lair:1   | Entered Level 1 of the Lair of Beasts
 13511 | Lair:1   | Noticed a seven-headed hydra
 13520 | Lair:1   | Killed a three-headed hydra
 13521 | Lair:1   | Reached XP level 13. HP: 106/115 MP: 17/17
 13525 | Lair:1   | Reached ****** piety under Dithmenos
 14729 | Lair:2   | Reached skill level 15 in Long Blades
 16298 | Lair:4   | Noticed Josephine
 16316 | Lair:4   | Killed Josephine
 16326 | Lair:4   | HP: 1/116 [wolf (5)]
 16388 | Lair:4   | Reached skill level 10 in Shields
 16656 | Lair:4   | Identified Vehumet's Disquisition on Attacks
 16719 | Lair:4   | Found a staircase to the Shoals.
 16888 | Lair:4   | Noticed Snorg
 16915 | Lair:4   | HP: 5/116 [Snorg (4)]
 16923 | Lair:4   | HP: 5/116 [rime drake/flash freeze (2)]
 16933 | Lair:4   | Killed Snorg
 17424 | Lair:4   | Found a hole to the Spider Nest.
 17694 | Lair:5   | Reached XP level 14. HP: 113/124 MP: 19/19
 18536 | Lair:6   | Entered Level 6 of the Lair of Beasts
 18536 | Lair:6   | Found a staircase to the Slime Pits.
 18536 | Lair:6   | Found a viscous altar of Jiyva.
 20731 | Orc:1    | Entered Level 1 of the Orcish Mines
 20849 | Orc:2    | Entered Level 2 of the Orcish Mines
 21120 | Orc:2    | Noticed Donald
 21121 | Orc:2    | Noticed Rupert
 21140 | Orc:1    | Killed Donald
 21467 | Orc:2    | Killed Rupert
 21580 | Orc:2    | Noticed Erolcha
 21590 | Orc:2    | Found Itoanagg's Antique Weapon Shoppe.
 21600 | Orc:2    | Killed Erolcha
 21683 | Orc:1    | Found Meomay's Weapon Shop.
 21880 | Orc:1    | Noticed a stone giant
 21897 | Orc:1    | Killed a stone giant
 22319 | Orc:1    | Reached XP level 15. HP: 134/134 MP: 21/21
 22510 | Orc:2    | Found a staircase to the Elven Halls.
 22644 | Orc:2    | Found Nuquluryc's Distillery.
 22649 | Orc:2    | Found Bysollybb's Magic Scroll Emporium.
 23029 | Orc:2    | Noticed Nessos
 23048 | Orc:2    | Killed Nessos
 23112 | Orc:2    | Bought a potion of heal wounds for 50 gold pieces
 23112 | Orc:2    | Bought a potion of heal wounds for 50 gold pieces
 23121 | Orc:2    | Bought a potion of invisibility for 80 gold pieces
 23121 | Orc:2    | Bought a potion of cancellation for 80 gold pieces
 23178 | Orc:2    | Reached skill level 10 in Invocations
 23803 | Orc:2    | Found a roughly hewn altar of Beogh.
 24103 | Orc:2    | Found Seunyhapn's Antique Armour Boutique.
 24103 | Orc:2    | Found a one-way gate leading to the halls of Pandemonium.
 24103 | Orc:2    | Found Wapics's Gadget Shop.
 24252 | D:6      | Noticed Sigmund
 24257 | D:6      | Killed Sigmund
 24267 | D:6      | Bought the ring of Ilafutzu {rPois rF+ Int+4 Dex-3} for 459
                  | gold pieces
 24267 | D:6      | Bought the ring "Sikh" {rCorr Int+3 SInv Stlth+} for 483
                  | gold pieces
 24267 | D:6      | Bought the ring of the Jester {rElec rN+ Will++ EV+4 Str-4}
                  | for 650 gold pieces
 24328 | D:7      | Bought the ring "Wysu" {rC+ rN+ Int+4 Dex+5} for 716 gold
                  | pieces
 24540 | Spider:1 | Entered Level 1 of the Spider Nest
 24623 | Spider:1 | Found a frozen archway.
 24644 | Spider:1 | Reached skill level 16 in Long Blades
 24650 | IceCv    | Entered an ice cave
 25462 | IceCv    | Noticed an Ice Fiend
 25504 | IceCv    | Killed an Ice Fiend
 26960 | Spider:1 | Reached skill level 10 in Evocations
 27497 | Spider:1 | Reached XP level 16. HP: 139/145 MP: 23/23
 27614 | Spider:1 | Identified Roxanne's Handbook of Stones
 27614 | Spider:1 | Noticed Roxanne
 27639 | Spider:1 | Killed Roxanne
 28217 | Spider:2 | Noticed Arachne
 28272 | Spider:2 | HP: 6/146 [redback (2)]
 28273 | Spider:2 | Slain by a spark wasp

Illustrated notes

Levels and vault maps discovered:
D:1:      minmay_arrival_hallway, layout_loops_ring
D:2:      layout_basic, chequers_ecumenical_altar_simple_redux,
          chequers_serial_rivers_small_a, minmay_indecisive_spiral
D:3:      cheibrodos_pilgrimage, layout_basic, gammafunk_ghost_icy,
          corexii_shack
D:4:      layout_cave_pools, cheibrodos_ashenzari_chains,
          minmay_temple_entry_arrows, hangedman_decor_lopped,
          minmay_small_thing, uniq_natasha
D:5:      layout_gridville, serial_shops, nicolae_shop_crystal,
          nicolae_shop_temple_entry_statues_fountains, shop,
          kennysheep_little_box, kennysheep_mini, basic_altar,
          chequers_serial_rivers_micro_c
D:6:      layout_basic, serial_shops, shop, kennysheep_mini_moat,
          uniq_prince_ribbit1, uniq_pikel, uniq_sigmund, uniq_duvessa
D:7:      layout_loops_cross, serial_shops, nicolae_shop_behind_doors, shop,
          nicolae_shop_stone, nicolae_shop_window_shopping, shop, basic_altar,
          uniq_menkaure
D:8:      layout_basic
D:9:      layout_basic, dpeg_lair_monsters, minmay_lindwurm_lava, uniq_maggie,
          uniq_harold, uniq_psyche, uniq_erica
D:10:     cheibrodos_breeding_chamber, layout_irregular_city, orc_0_dummy,
          serial_undead, serial_undead_d, serial_undead_e, serial_undead_e,
          serial_undead_a, serial_undead_f, serial_undead_f,
          minmay_protected_statue
D:11:     layout_loops_ring, bh_circular_ruins, uniq_sonja
D:12:     layout_basic, nicolae_wwwww, hangedman_cracks_in_the_wall
Lair:1:   layout_hall_layers, minivault_24, beast_lair_carwin_1,
          grunt_megastairs_3, lemuel_fruit_fields, serial_bayou_shore_a,
          lemuel_fruit_tree, infiniplex_staircase_pool
Lair:2:   layout_long_grid, beast_lair_carwin_5, grunt_megastairs_2
Lair:3:   layout_cave_pods, infiniplex_staircase_pool_2
Lair:4:   layout_hall_layers, elwin_shoals_entry_stream,
          spider_nest_entry_funnel_web, cheibrodos_lair_caveside_slide,
          uniq_snorg, uniq_josephine
Lair:5:   layout_concentric_octagons, nicolae_quartered_pool_medium,
          beast_lair_carwin_2
Lair:6:   minmay_lair_end_frog_pond, layout_cave_pods, slime_altar_1
Spider:1: layout_spider_delve, portal_ice_cave_entry_frozen_things, drop_trap,
          minivault_29, uniq_roxanne
Spider:2: layout_chambers, nicolae_arachne_temple
Orc:1:    layout_caves, serial_shops, nicolae_shop_trees, nooodl_orcs_dogs
Orc:2:    pf_orc_diabolical, layout_caves, serial_shops, shop_statue,
          mines2_david, uniq_erolcha, uniq_rupert, uniq_nessos, uniq_donald

Skill      XL: |  1  2  3  4  5  6  7  8  9 10 11 12 13 14 15 16 |
---------------+-------------------------------------------------+-----
Armour         | 4 5 6 7 8 10 11 12 13 14 | 14.3
Fighting       | 4 5 7 8 9 10 11 12 13 14 | 14.2
Shields        | 4 5 6 8 11 12 14 | 14.5
Evocations     | 1 2 3 4 5 6 7 9 10 | 10.0
Long Blades    | 3 4 5 6 8 11 12 14 15 16 | 16.4
Dodging        | 1 2 3 4 |  4.6
Invocations    | 1 4 6 7 8 9 10 11 | 11.1
Stealth        | |  0.5

Action                   |  1- 3 |  4- 6 |  7- 9 | 10-12 | 13-15 | 16-18 || total
-------------------------+-------+-------+-------+-------+-------+-------++-------
Melee: Long sword        |    81 |   164 |    94 |       |       |       ||   339
       Headbutt          |    12 |    31 |    75 |   177 |   419 |    31 ||   745
       Scimitar          |       |       |   183 |   581 |   508 |    49 ||  1321
       Demon blade       |       |       |       |       |  1089 |    69 ||  1158
Invok: Shadow Step       |       |       |       |       |     1 |       ||     1
Evoke: Lightning rod     |       |       |       |     4 |       |     4 ||     8
       Condenser vane    |       |       |       |     1 |       |     1 ||     2
       Wand              |       |       |       |     6 |     5 |     1 ||    12
       Tin of tremorston |       |       |       |       |       |     2 ||     2
  Use: Potion            |     1 |       |       |     3 |    14 |     3 ||    21
       Scroll            |       |     5 |    12 |    10 |    15 |     1 ||    43
 Stab: Confused          |       |       |       |     1 |       |       ||     1
       Petrified         |       |       |       |       |     1 |       ||     1
       Distracted        |       |       |       |       |     2 |       ||     2
Armor: Scale mail        |    31 |    20 |       |       |       |       ||    51
       Chain mail        |       |    79 |    98 |       |       |       ||   177
       Plate armour      |       |       |    12 |   197 |   503 |    67 ||   779
Dodge: Dodged            |    33 |    47 |    86 |   127 |   337 |    42 ||   672
Block: Kite shield       |    45 |    91 |   128 |   286 |  1304 |   120 ||  1974
       Reflection        |       |       |       |     5 |    19 |     1 ||    25
       Rpst.: Long sword |     9 |    13 |    10 |       |       |       ||    32
       Scimitar          |       |       |    19 |    33 |    47 |     2 ||   101
       Demon blade       |       |       |       |       |    25 |     3 ||    28
